 Dungeon Crawl Stone Soup version 0.31.0-32-g396128a36d (webtiles) character file.

Game seed: 13247872144531918933

22 Crabass the Cudgeller (level 2, 0/29 HPs)
             Began as a Troll Berserker on Mar 14, 2024.
             Was a Follower of Trog.
             Succumbed to an adder's poison
             ... on level 2 of the Dungeon on Mar 15, 2024.
             The game lasted 00:08:30 (390 turns).

Crabass the Cudgeller (Troll Berserker)              Turns: 390, Time: 00:08:31

Health: 0/29       AC:  4    Str: 24    XL:     2   Next: 68%
Magic:  1/1        EV: 10    Int:  3    God:    Trog [*.....]
Gold:   28         SH:  0    Dex:  9    Spells: 1/1 levels left

rFire   . . .        f - +0 whip {Whip of Ass}
rCold   . . .        (no shield)
rNeg    . . .        b - +0 animal skin
rPois   .            (helmet restricted)
rElec   .            (no cloak)
rCorr   .            (gloves unavailable)
SInv    .            (boots unavailable)
Will    .....        (no amulet)
Stlth   +            (no ring)
HPRegen 1.04/turn    (no ring)
MPRegen 0.07/turn

%: no passive effects
@: lethally poisoned (0 -> -2)
A: large, unfitting armour, claws 3, regeneration 1, shaggy fur 1, tough skin 1
a: Renounce Religion, Berserk


You were on level 2 of the Dungeon.
You worshipped Trog.
Trog was aware of your devotion.
You visited 1 branch of the dungeon, and saw 2 of its levels.

You collected 28 gold pieces.

Inventory:

Hand Weapons
 a - a +0 mace
 d - a +0 short sword
 e - a +0 dagger
 f - a +0 whip (weapon) {Whip of Ass}
Missiles
 c - 9 stones (quivered)
Armour
 b - a +0 animal skin (worn)
 g - a +0 scale mail


   Skills:
 + Level 2.6 Fighting
 + Level 0.1 Short Blades
 + Level 3.1 Maces & Flails
 + Level 2.7 Dodging


You had one spell level left.
You didn't know any spells.
Your spell library was empty.

Dungeon Overview and Level Annotations

Branches:
Dungeon (2/15)

Altars:


Innate Abilities, Weirdness & Mutations

You are too large for most types of armour.
You have claws for hands.
Your natural rate of healing is unusually fast.
You are covered in fur. (AC +1)
You have tough skin. (AC +1)


Message History

You whack the adder!
The adder is severely wounded.
You feel sick. The adder closely misses you.
The adder bites you but does no damage. x2
You miss the adder.
The adder is severely wounded.
You feel sick. The adder bites you. The adder bites you but does no damage.
The adder barely misses you.
You closely miss the adder.
The adder is severely wounded.
You feel sick. The adder bites you. x2
You are more poisoned.
The adder poisons you!
You closely miss the adder.
The adder is heavily wounded.
You feel sick. The adder closely misses you.
The adder bites you but does no damage. The adder closely misses you.
You closely miss the adder.
The adder is heavily wounded.
You feel sick. The adder bites you but does no damage. The adder bites you.
You are more poisoned.
The adder poisons you! The adder closely misses you.
You hit the adder.
The adder is almost dead.
You feel sick. The adder bites you. x2
* * * LOW HITPOINT WARNING * * *
You hit the adder.
The adder is almost dead.
You feel sick. The adder barely misses you. x2
You hit the adder but do no damage.
The adder is almost dead.
You feel sick. The adder bites you but does no damage. The adder bites you.
* * * LOW HITPOINT WARNING * * *
Found a stone staircase leading up.
You feel sick. The adder attacks as it pursues you!
The adder barely misses you. The adder bites you.
* * * LOW HITPOINT WARNING * * *
You are more poisoned.
The adder poisons you!
You die...

#≈...≈≈.≈§§§.≈#
≈≈....≈....≈§#
≈.....§.≈≈≈#
§≈.....≈≈§§# ##
§§§≈.≈≈≈≈§≈# ..
#'######### .#
#.#######S........##.##.
.<.......S..............
.#####@......†.........
#.#.##...###<#.###
#.#.##...# #.#
#.#.##...# #.#
#.#....### #.# ...>...#
#.# #.#....# #.# #.##.#
#.# ...


You could see 2 adders.

Vanquished Creatures
  A dart slug (D:1)
  A ribbon worm (D:2)
  4 ball pythons (D:1)
  An endoplasm (D:1)
  2 goblins (D:1)
  2 hobgoblins (D:1)
  2 kobolds (D:1)
  A bat (D:1)
  2 frilled lizards (D:1)
16 creatures vanquished.

Notes
Turn   | Place    | Note
-------+----------+-------------------------------------------
     0 | D:1      | Crabass the Troll Berserker began the quest for the Orb.
     0 | D:1      | Reached XP level 1. HP: 22/22 MP: 0/0
   119 | D:1      | Reached skill level 3 in Maces & Flails
   140 | D:1      | Reached XP level 2. HP: 27/29 MP: 1/1
   197 | D:1      | Found a faded altar of an unknown god.
   389 | D:2      | HP: 1/29 [adder (1)]
   390 | D:2      | Succumbed to an adder's poison

Illustrated notes

Levels and vault maps discovered:
D:1:      dpeg_arrival_rooms_b, layout_rooms,
          shapermc_ecumenical_altar_rom_forum, serial_shops, shop,
          nicolae_lakefront_shop, nicolae_figureground_pulse
D:2:      layout_loops_ring, basic_altar, minmay_misc_feat_secret_circle,
          grunt_ministairs_1, kennysheep_generic_room_2

Skill      XL: |  1 |
---------------+----+-----
Maces & Flails | 3 |  3.1
Fighting       | |  2.6
Short Blades   | |  0.1
Dodging        | |  2.7

Action                     || total
---------------------------++-------
  Melee: Short sword       ||    49
         Mace              ||     2
         Whip              ||    31
    Use: Scroll            ||     1
 Armour: Animal skin       ||    62
  Dodge: Dodged            ||    78
